 Dungeon Crawl Stone Soup version 0.18.1-48-g4cf74bf (webtiles) character file.

34 torvon the Vandal (level 3, 0/23 HPs)
             Began as a Halfling Arcane Marksman on Aug 6, 2016.
             Slain by an adder (4 damage)
             ... on level 2 of the Dungeon.
             The game lasted 00:04:46 (696 turns).

torvon the Vandal (Halfling Arcane Marksman)         Turns: 696, Time: 00:04:47

Health: 0/23       AC:  3    Str: 11    XL:     3   Next: 50%
Magic:  4/4        EV: 14    Int: 12    God:
Gold:   0          SH:  0    Dex: 14    Spells: 1 memorised, 3 levels left

rFire  . . .     SeeInvis .     a - +0 hunting sling
rCold  . . .     Gourm    .     j - +0 leather armour
rNeg   . . .     Faith    .     (shield restricted)
rPois  .         Spirit   .     (no helmet)
rElec  .         Dismiss  .     (no cloak)
rCorr  .         Reflect  .     (no gloves)
SustAt .         Harm     .     (no boots)
MR     .....                    (no amulet)
Stlth  +.........               (no ring)
                                (no ring)

@: lethally poisoned (0 -> -3), not resistant to hostile enchantments, very
unstealthy
A: mutation resistance 1
a: no special abilities


You were on level 2 of the Dungeon.
You were not hungry.

You visited 1 branch of the dungeon, and saw 2 of its levels.

Inventory:

Hand Weapons
 a - a +0 hunting sling (weapon)
 e - a +0 dagger
 i - a +0 dagger
 n - a +0 club
 r - a +0 club
 t - a +0 club
 v - a cursed +0 whip
 w - a +0 club
 z - a +0 dagger
 B - a +0 battleaxe
 C - a +0 club
 D - a +0 club
Missiles
 q - 34 arrows
 u - 38 stones (quivered)
 A - 14 poisoned needles
Armour
 b - a +0 robe
 j - a +0 leather armour (worn)
 k - a +0 robe
 l - a +0 chain mail
 x - a +0 chain mail
 E - a +0 leather armour
Scrolls
 m - 2 scrolls of identify {unknown}
 o - a scroll of fear {unknown}
 p - a scroll of magic mapping {unknown}
 y - a scroll of immolation {unknown}
Potions
 h - a potion of flight {unknown}
 s - a potion of curing {unknown}
Books
 c - a book of Debilitation

   Spells                             Type                      Level
   a - Corona                         Hexes                        1
   b - Slow                           Hexes                        2
   c - Gell's Gravitas                Hexes/Translocation          3
   d - Inner Flame                    Hexes/Fire                   3
   e - Cause Fear                     Hexes                        4
   f - Leda's Liquefaction            Hexes/Earth                  4
Comestibles
 f - a bread ration
 g - 2 meat rations


   Skills:
 + Level 1.0 Fighting
 + Level 4.0 Slings
 + Level 0.2 Armour
 + Level 2.6 Dodging
 * Level 1.1 Spellcasting
 + Level 3.0 Hexes


You had 3 spell levels left.
You knew the following spells:

 Your Spells              Type           Power        Failure   Level  Hunger
a - Corona                Hex            #......      14%         1    ##.....


Dungeon Overview and Level Annotations

Branches:
Dungeon (2/15)

Altars:


Innate Abilities, Weirdness & Mutations

You are small and have problems with some larger weapons.
You are somewhat resistant to further mutation.


Message History

Aim: an adder (severely wounded)
You shoot a stone.
The stone hits the adder but does no damage.
The adder is severely wounded.
The adder misses you. The rat closely misses you.
Firing (i - inventory):
u - 40 stones (quivered)
Press: ? - help, Shift-Dir - straight line, f/p - adder
Aim: an adder (severely wounded)
You shoot a stone. The stone barely misses the adder.
The adder bites you but does no damage. The rat closely misses you.
The adder completely misses you.
Firing (i - inventory):
u - 39 stones (quivered)
Press: ? - help, Shift-Dir - straight line, f/p - adder
Aim: an adder (severely wounded)
You shoot a stone. The stone closely misses the adder.
You feel sick. The rat misses you. The adder bites you.
* * * LOW HITPOINT WARNING * * *
The adder misses you. The rat closely misses you. The adder bites you.
You die...

#.####...........#
.................#
##...........#
#....####.###
######...## #..#
#..>....## ##.#
#...####.##
###†###### . ##.#
##......... ##@.#
##.......... #rS##
#...........
#...(##
#...........
#.(.).
#...........
.........
#...........
.>.........
#...........
...........#
##..........
...........#
##.........
.......(....
##.#######


You could see an adder and a rat.

Vanquished Creatures
  A worm (D:2)
  2 dart slugs (D:1)
  A giant cockroach (D:2)
  8 goblins
  2 hobgoblins
  A kobold (D:1)
  6 bats (D:1)
  3 giant newts
  2 rats (D:1)
26 creatures vanquished.

Notes
Turn   | Place    | Note
--------------------------------------------------------------
     0 | D:1      | torvon the Halfling Arcane Marksman began the quest for the Orb.
     0 | D:1      | Reached XP level 1. HP: 12/12 MP: 2/2
   180 | D:1      | Reached XP level 2. HP: 18/18 MP: 1/3
   474 | D:1      | Reached XP level 3. HP: 22/22 MP: 4/4
   588 | D:2      | Reached skill level 1 in Fighting
   623 | D:2      | Reached skill level 4 in Slings
   696 | D:2      | Slain by an adder

Skill      XL: |  1  2  3 |
---------------+----------+-----
Hexes          | 3 |  3.0
Fighting       | 1 |  1.0
Slings         | 4 |  4.0
Armour         | |  0.2
Dodging        | |  2.6
Spellcasting   | |  1.1

Action                   || total
-------------------------++-------
 Fire: Hunting sling     ||    80
 Cast: Corona            ||     4
Armor: Robe              ||     2
       Leather armour    ||     9
Dodge: Dodged            ||    53
